 Dungeon Crawl Stone Soup version 0.16-a0-148-g3b84123 (webtiles) character file.

263 Sachiko the Ruinous (level 5, -13/28 HPs)
             Began as a Deep Elf Conjurer on Aug 15, 2014.
             Mangled by an orc priest
             ... wielding a +2 trident of distortion
              (17 damage)
             ... on Level 3 of the Dungeon.
             The game lasted 00:15:03 (2475 turns).

Sachiko the Ruinous (Deep Elf Conjurer)             Turns: 2475, Time: 00:15:05

HP -13/28        AC  2     Str  5      XL: 5   Next: 97%
MP  13/20        EV 13     Int 21      God:
Gold 200         SH  0     Dex 13 (15) Spells:  3 memorised,  9 levels left

rFire  . . .     SeeInvis .     p - +0 dagger
rCold  . . .     Clarity  .     a - +0 robe
rNeg   . . .     rCorr    .     (no shield)
rPois  .         rRot     .     (no helmet)
rElec  .         Spirit   .     (no cloak)
SustAb .         Warding  .     (no gloves)
rMut   .         Stasis   .     (no boots)
Gourm  .                        (no amulet)
MR     .....                    (no ring)
                                (no ring)

@: not resistant to hostile enchantments, unstealthy
A: no striking features
a: no special abilities


You were on level 3 of the Dungeon.
You were hungry.

You visited 1 branch of the dungeon, and saw 3 of its levels.

You collected 200 gold pieces.

Inventory:

Hand weapons
 p - a +0 dagger (weapon)
Armour
 a - a +0 robe (worn)
Comestibles
 b - 2 bread rations
 d - 2 beef jerkies
 g - a chunk of adder flesh
 i - 3 chunks of hobgoblin flesh
 j - 2 meat rations
 l - a royal jelly
Scrolls
 f - 2 scrolls of remove curse
 q - a scroll of amnesia
Potions
 e - a potion of magic
 h - 2 potions of curing
 n - a potion of porridge
Books
 c - a book of Conjurations

   Spells                             Type                      Level
   *Magic Dart                        Conjuration                  1
   *Searing Ray                       Conjuration                  2
   *Dazzling Spray                    Conjuration/Hexes            3
   Fulminant Prism                    Conjuration/Hexes            4
   Iskenderun's Mystic Blast          Conjuration                  4
   Iskenderun's Battlesphere          Conjuration/Charms           5


   Skills:
 - Level 0.1 Fighting
 - Level 2.6 Dodging
 - Level 2.9 Stealth
 + Level 5.6 Spellcasting
 + Level 6.5 Conjurations


You had 9 spell levels left.
You knew the following spells:

 Your Spells              Type           Power        Failure   Level  Hunger
a - Magic Dart            Conj           ####         1%          1    None
b - Searing Ray           Conj           ####..       1%          2    None
c - Dazzling Spray        Conj/Hex       ###.....     10%         3    ##.....


Dungeon Overview and Level Annotations

Branches:
Dungeon (3/15)

Altars:
Okawaru


Message History

The searing ray hits the orc.
You kill the orc!
The searing ray hits the orc priest.
The orc priest is severely wounded.
Casting: Searing Ray
Confirm with . or Enter, or press ? or * to list all spells.
Aiming: Searing Ray
Press: ? - help, Shift-Dir - straight line, f - orc priest
Aim: an orc priest, wielding a runed trident (severely wounded)
The searing ray misses the orc priest.
The searing ray hits the orc.
You kill the orc!
The orc priest hits you but does no damage.
Space bends around you.
The searing ray hits the orc priest.
The orc priest is almost dead.
The orc priest hits you from afar with a trident of distortion.
* * * LOW HITPOINT WARNING * * *
Space warps horribly around you!
Ouch! That really hurt!
You die...

#############
............#
###########.#
#.#########.###
#.....@)o).....
###.###########
####### #.#
......# #.#
#####.# #.# #.#
#.# #.# #.# #.#
#.# #.# #.#


You could see an orc priest.

Vanquished Creatures
  The ghost of Ratboiler the Cudgeler, an average OgAr (D:3)
  3 gnolls (D:3)
  7 adders
  3 worms
  An inept item mimic (D:3)
  A giant gecko (D:3)
  2 oozes
  2 orcs (D:3)
  4 bats
  3 giant cockroaches
  4 hobgoblins
  4 kobolds
  A quokka (D:2)
  3 giant newts
  9 goblins
  6 rats
54 creatures vanquished.

Notes
Turn   | Place    | Note
--------------------------------------------------------------
     0 | D:1      | Sachiko, the Deep Elf Conjurer, began the quest for the Orb.
     0 | D:1      | Reached XP level 1. HP: 10/10 MP: 5/5
     0 | D:1      | Noticed a troll skeleton
     3 | D:1      | Noticed a merfolk skeleton
     5 | D:1      | Noticed a centaur skeleton
    12 | D:1      | Noticed a troll skeleton
    13 | D:1      | Noticed a minotaur skeleton
    14 | D:1      | Noticed an elf skeleton
    14 | D:1      | Noticed a merfolk skeleton
    18 | D:1      | Noticed a merfolk skeleton
    18 | D:1      | Noticed a centaur skeleton
    19 | D:1      | Noticed an elf skeleton
   224 | D:1      | Reached XP level 2. HP: 4/15 MP: 3/8
   791 | D:2      | Found an iron altar of Okawaru.
   886 | D:2      | Reached skill level 5 in Conjurations
   886 | D:2      | Reached XP level 3. HP: 19/19 MP: 2/11
  1019 | D:2      | Learned a level 2 spell: Searing Ray
  1023 | D:2      | Learned a level 3 spell: Dazzling Spray
  1318 | D:2      | Reached XP level 4. HP: 24/24 MP: 6/14
  1737 | D:3      | Noticed Ratboiler's ghost (average OgAr)
  1782 | D:3      | Killed Ratboiler's ghost
  1782 | D:3      | Reached skill level 5 in Spellcasting
  1782 | D:3      | Reached skill level 6 in Conjurations
  1782 | D:3      | Reached XP level 5. HP: 18/28 MP: 4/19
  2475 | D:3      | Mangled by an orc priest

Action                   |  1- 3 |  4- 6 || total
-------------------------+-------+-------++-------
Melee: Unarmed           |    11 |       ||    11
       Dagger            |       |    12 ||    12
 Cast: Magic Dart        |    65 |    42 ||   107
       Searing Ray       |     1 |    11 ||    12
       Dazzling Spray    |       |     1 ||     1
  Use: Scroll            |     5 |     3 ||     8
       Potion            |       |     2 ||     2
 Stab: Sleeping          |       |     1 ||     1
  Eat: Chunk             |     1 |     3 ||     4
